 Dungeon Crawl Stone Soup version 0.23-a0-512-g50a8178 (webtiles) character file.

4479 zishaf the Conjurer (level 10, -7/92 HPs)
             Began as a Naga Venom Mage on Dec 5, 2018.
             Was a Believer of Cheibriados.
             Mangled by a two-headed ogre
             ... wielding a +0 giant club
              (23 damage)
             ... on level 9 of the Dungeon.
             The game lasted 00:28:27 (11258 turns).

zishaf the Conjurer (Naga Venom Mage)              Turns: 11258, Time: 00:28:28

Health: -7/92      AC:  7    Str: 16    XL:     10   Next: 38%
Magic:  13/22      EV:  9    Int: 24    God:    Cheibriados [**....]
Gold:   429        SH:  0    Dex: 16    Spells: 3/13 levels left

rFire    + . .     SeeInvis +   M - +2 long sword (protect)
rCold    . . .     Gourm    .   (no shield)
rNeg     . . .     Faith    .   w - +0 leather armour {rF+}
rPois    +         Spirit   .   x - +1 helmet
rElec    .         Reflect  .   k - +0 cloak
rCorr    .         Harm     .   (no gloves)
MR       +....                  (no barding)
Stlth    ++........             (no amulet)
HPRegen  0.25/turn              C - ring of wizardry
MPRegen  0.18/turn              F - ring of magical power

@: very slightly contaminated, heavily drained, very slow
A: large, see invisible, deformed body, poison resistance, slowness 2, slow
metabolism 1, spit poison 1, AC +3
a: Spit Poison, Bend Time, Renounce Religion


You were on level 9 of the Dungeon.
You worshipped Cheibriados.
Cheibriados was pleased with you.
You were hungry.

You visited 2 branches of the dungeon, and saw 10 of its levels.

You collected 429 gold pieces.

Inventory:

Hand Weapons
 M - a +2 long sword of protection (weapon)
 O - the +2 flail "Hilueceg" {chaos, SInv}
   (You found it on level 8 of the Dungeon)

   Each time it hits an enemy it has a different, random effect.
   It lets you see invisible.
   Cheibriados disapproves of the use of such an item.
Armour
 k - a +0 cloak (worn)
 w - a +0 leather armour of fire resistance (worn)
 x - a +1 helmet (worn)
Jewellery
 d - an uncursed ring of stealth
 u - an uncursed ring of positive energy
 v - a +2 ring of dexterity
 A - an uncursed ring of fire
 C - a ring of wizardry (left hand)
 F - a ring of magical power (right hand)
 G - an uncursed ring of protection from fire
 H - the ring "Paev" {Ice rPois rN+ Dex+3}
   (You found it on level 6 of the Dungeon)

   [ring of ice]

   It enhances your ice magic.
   It affects your dexterity (+3).
   It makes you vulnerable to fire.
   It protects you from cold.
   It protects you from poison.
   It protects you from negative energy.
 K - an uncursed ring of protection from magic
Wands
 B - a wand of flame (1)
 J - a wand of paralysis (12)
Scrolls
 e - 3 scrolls of random uselessness {unknown}
 i - 4 scrolls of remove curse
 l - 3 scrolls of immolation {unknown}
 n - a scroll of blinking
 o - 4 scrolls of teleportation
 q - 5 scrolls of amnesia {unknown}
 t - 2 scrolls of magic mapping
 y - 2 scrolls of fog
 E - 2 scrolls of enchant weapon
 L - 2 scrolls of enchant armour {unknown}
Potions
 a - a potion of ambrosia {unknown}
 b - 2 potions of mutation {unknown}
 f - a potion of resistance {unknown}
 g - 2 potions of lignification {unknown}
 h - a potion of degeneration {unknown}
 j - 4 potions of might {unknown}
 m - 3 potions of agility
 p - a potion of curing
 r - 3 potions of heal wounds {unknown}
 s - 2 potions of brilliance {unknown}
 z - a potion of haste {unknown}
 D - a potion of magic {unknown}
 I - 2 potions of berserk rage {unknown}
 N - a potion of flight {unknown}
Comestibles
 c - 12 rations


   Skills:
 + Level 6.9(4.9) Fighting
 - Level 2.3(0.6) Armour
 - Level 2.3(0.6) Dodging
 - Level 5.0(3.1) Stealth
 - Level 2.1(0.4) Spellcasting
 + Level 7.1(5.1) Conjurations
 + Level 4.0(2.1) Hexes
 - Level 4.1(2.3) Air Magic
 - Level 7.0(4.9) Poison Magic
 - Level 5.0(3.1) Invocations
 - Level 4.1(2.2) Evocations


You had 3 spell levels left.
You knew the following spells:

 Your Spells              Type           Power        Failure   Level  Hunger
a - Sting                 Conj/Pois      ###.         1%          1    ##.....
b - Poisonous Vapours     Pois/Air       ###...       2%          2    ###....
c - Mephitic Cloud        Conj/Pois/Air  ###.....     4%          3    ####...
d - Magic Dart            Conj           ###.         1%          1    ##.....
e - Confuse               Hex            ##......     9%          3    ####...

Your spell library contained the following spells:

 Spells                   Type           Power        Failure   Level  Hunger
 Searing Ray              Conj           ###...       1%          2    ###....
 Confusing Touch          Hex            ##....       2%          1    ##.....
 Dazzling Spray           Conj/Hex       ###...       4%          3    ####...
 Beastly Appendage        Tmut           #.....       7%          1    ##.....
 Conjure Flame            Conj/Fire      ##......     8%          3    ####...
 Spider Form              Tmut/Pois      ##........   8%          3    ####...
 Sticks to Snakes         Tmut           #.......     11%         2    ###....
 Gell's Gravitas          Tloc           #.........   21%         3    ####...
 Iskenderun's Mystic Bla  Conj           ###.....     9%          4    #####..
 Olgreb's Toxic Radiance  Pois           ###.....     9%          4    #####..
 Fulminant Prism          Conj/Hex       ###.......   16%         4    #####..
 Force Lance              Conj/Tloc      ##......     24%         4    #####..
 Venom Bolt               Conj/Pois      ###.......   24%         5    ######.
 Ice Form                 Ice/Tmut       #.......     52%         4    #####..
 Petrify                  Tmut/Erth      #.......     52%         4    #####..
 Metabolic Englaciation   Hex/Ice        #.........   73%         5    ######.
 Yara's Violent Unravell  Hex/Tmut       #.........   73%         5    ######.
 Blade Hands              Tmut           #.........   86%         5    ######.
 Freezing Cloud           Conj/Ice/Air   ##........   98%         6    #######
 Ring of Flames           Chrm/Fire      #.........   100%        7    #######


Dungeon Overview and Level Annotations

Branches:
Dungeon (9/15)             Temple (1/1) D:6
   Lair: D:8-11         Orc: D:9-12

Altars:
Ashenzari
Cheibriados
Elyvilon
Fedhas
Makhleb
Qazlal
Ru
Trog
Xom
Yredelemnul
Zin

Annotations:
D:5 3 runed doors, howech's ghost, novice DEFE


Innate Abilities, Weirdness & Mutations

You cannot wear boots.
Your serpentine skin is tough. (AC +3)
You have supernaturally acute eyesight. (SInv)
Armour fits poorly on your strangely shaped body.
Your system is resistant to poisons. (rPois)
You cover ground very slowly.
You have a slow metabolism.
You can spit poison.


Message History

The two-headed ogre is engulfed in poison gas.
The two-headed ogre looks even sicker.
Casting: Poisonous Vapours (safe; 2% risk of failure)
Confirm with . or Enter, or press ? or * to list all spells.
Aiming: Poisonous Vapours (safe; 2% risk of failure)
Press: ? - help, Dir - move target cursor, f/p - two-headed ogre
Aim: a two-headed ogre, wielding two +0 giant clubs (severely wounded, Poisonous vapours surround the two-headed ogre!
The two-headed ogre is engulfed in poison gas.
The two-headed ogre looks as sick as possible!
Casting: Poisonous Vapours (safe; 2% risk of failure)
Confirm with . or Enter, or press ? or * to list all spells.
Aiming: Poisonous Vapours (safe; 2% risk of failure)
Press: ? - help, Dir - move target cursor, f/p - two-headed ogre
Aim: a two-headed ogre, wielding two +0 giant clubs (severely wounded, Poisonous vapours surround the two-headed ogre!
The two-headed ogre is engulfed in poison gas.
The two-headed ogre looks as sick as possible!
The two-headed ogre hits you with a +0 giant club!!
You die...

...## #.# #.......
#..# ..## #.....(.
#.# ..# #...... #.#
#.######.... #.#
#.##..)).#.. #รท##
#....#####.. #..#
##)..## #... ##.###
########..#.# #..#
###...###..@O....##.#
#....
#.........#########.#
#..### #........##
#.#...#
#........########
#...##
#<.......#......#
#.##
#####.####......##..#
#########..#
#..........##
#......##..#
#......###..# ##
#......#...# ####.###
#.# #.


You could see a two-headed ogre.

Vanquished Creatures
  A deep elf mage (D:9)
  3 hippogriffs
  An eye of draining (D:9)
  3 ice beasts
  2 phantoms
  3 ogres
  2 sky beasts
  2 centaurs
  8 bullfrogs
  A scorpion (D:7)
  3 wights (D:9)
  6 killer bees
  3 howler monkeys
  2 centaur zombies
  A crimson imp (D:5)
  3 hounds
  A jelly (D:9)
  An orc priest (D:4)
  2 orc wizards
  2 bullfrog skeletons
  Jessica (D:3)
  4 iguanas
  9 worker ants
  A worker ant zombie (D:8)
  Robin (D:3)
  3 gnolls (D:8)
  10 adders
  A howler monkey skeleton (D:5)
  A shadow imp (D:5)
  A white imp (D:5)
  3 oozes
  An adder skeleton (D:5)
  3 worms
  2 dart slugs (D:1)
  A leopard gecko (D:5)
  24 orcs
  4 ball pythons
  9 giant cockroaches
  2 gnoll zombies (D:2)
  15 goblins
  12 hobgoblins
  11 jackals
  6 kobolds
  2 quokkas
  6 bats
  3 frilled lizards
  2 quokka zombies
  11 rats
199 creatures vanquished.

Notes
Turn   | Place    | Note
-------+----------+-------------------------------------------
     0 | D:1      | zishaf the Naga Venom Mage began the quest for the Orb.
     0 | D:1      | Reached XP level 1. HP: 15/15 MP: 3/3
    76 | D:1      | Reached XP level 2. HP: 14/22 MP: 5/5
   666 | D:1      | Learned a level 2 spell: Poisonous Vapours
   898 | D:1      | Reached XP level 3. HP: 28/30 MP: 6/6
  1877 | D:2      | Found a basalt altar of Yredelemnul.
  2005 | D:2      | Reached XP level 4. HP: 22/37 MP: 2/7
  2324 | D:2      | Reached skill level 1 in Fighting
  3224 | D:3      | Noticed Robin
  3241 | D:3      | Reached skill level 5 in Stealth
  3386 | D:3      | Reached XP level 5. HP: 44/44 MP: 3/8
  3451 | D:3      | Noticed Jessica
  3484 | D:3      | Killed Jessica
  3484 | D:3      | Reached skill level 5 in Poison Magic
  3780 | D:3      | Learned a level 3 spell: Mephitic Cloud
  3877 | D:3      | Killed Robin
  4075 | D:4      | Noticed an ogre
  4081 | D:4      | Killed an ogre
  4081 | D:4      | Reached skill level 1 in Air Magic
  4081 | D:4      | Reached XP level 6. HP: 52/52 MP: 0/9
  4214 | D:4      | Reached skill level 1 in Armour
  4328 | D:4      | Noticed a phantom
  4723 | D:4      | Reached XP level 7. HP: 58/61 MP: 6/10
  5105 | D:5      | Entered Level 5 of the Dungeon
  5554 | D:5      | Noticed a hippogriff
  5565 | D:5      | Killed a hippogriff
  5610 | D:5      | Found a sacrificial altar of Ru.
  5675 | D:5      | Found a sacrificial altar of Ru.
  5970 | D:5      | Found a runed gate.
  5970 | D:5      | Found a runed gate.
  5970 | D:5      | Found a runed gate.
  5970 | D:5      | Noticed howech's ghost (novice DEFE)
  5997 | D:5      | Reached XP level 8. HP: 65/69 MP: 11/11
  6648 | D:6      | Found a staircase to the Ecumenical Temple.
  6671 | Temple   | Entered the Ecumenical Temple
  6747 | Temple   | Became a worshipper of Cheibriados the Contemplative
  6924 | D:6      | Got a slimy platinum ring
  6928 | D:6      | Identified the ring "Paev" {Ice rPois rN+ Dex+3} (You found
                  | it on level 6 of the Dungeon)
  7063 | D:6      | You fall through a shaft for 2 floors!
  7106 | D:7      | Learned a level 1 spell: Magic Dart
  7247 | D:7      | Reached skill level 1 in Invocations
  7247 | D:7      | Reached skill level 1 in Evocations
  8843 | D:8      | You fall through a shaft!
  8844 | D:9      | Noticed a two-headed ogre
  8908 | D:8      | Reached XP level 9. HP: 67/79 MP: 12/12
  8923 | D:8      | Reached * piety under Cheibriados
  9033 | D:8      | Reached skill level 5 in Conjurations
  9418 | D:8      | Reached skill level 5 in Fighting
  9787 | D:8      | Got a brightly glowing flail
  9788 | D:8      | Identified the cursed +2 flail "Hilueceg" {chaos, SInv}
                  | (You found it on level 8 of the Dungeon)
 10174 | D:9      | Learned a level 3 spell: Confuse
 10323 | D:9      | Reached skill level 1 in Hexes
 10447 | D:9      | Reached ** piety under Cheibriados
 10514 | D:9      | Reached skill level 5 in Invocations
 10728 | D:8      | Reached XP level 10. HP: 64/91 MP: 13/13
 11127 | D:9      | Noticed a deep elf mage
 11134 | D:9      | Killed a deep elf mage
 11258 | D:9      | Mangled by a two-headed ogre

Vault maps used:
D:1:      dpeg_arrival_pond, minmay_box_of_dots
D:2:      lemuel_zombie_altar_yredelemnul
D:3:      first_ration, uniq_jessica, uniq_robin
D:5:      ebering_ghost_rock_garden, grunt_ministairs_5, grunt_decor_arrowhead,
          hangedman_feature_mirror, minmay_fire_ice_demons
D:6:      minmay_temple_entry_gardened_gates
Temple:   roderic_octagonal_lattice_temple

Skill      XL: |  1  2  3  4  5  6  7  8  9 10 |
---------------+-------------------------------+-----
Stealth        | 4 5 |  5.0
Dodging        | 2 |  2.3
Fighting       | 1 2 3 4 6 |  6.9
Conjurations   | 2 3 4 6 7 |  7.1
Poison Magic   | 5 6 7 |  7.0
Air Magic      | 1 2 3 4 |  4.1
Armour         | 1 2 |  2.3
Invocations    | 2 5 |  5.0
Evocations     | 2 4 |  4.1
Hexes          | 2 4 |  4.0
Spellcasting   | |  2.1

Action                   |  1- 3 |  4- 6 |  7- 9 | 10-12 || total
-------------------------+-------+-------+-------+-------++-------
Melee: Short sword       |    88 |   158 |   155 |       ||   401
       Unarmed           |     2 |       |     6 |       ||     8
       Long sword        |       |       |    86 |    47 ||   133
 Cast: Sting             |    13 |    13 |     7 |     1 ||    34
       Poisonous Vapours |     6 |    31 |    98 |    20 ||   155
       Magic Dart        |       |       |    45 |     7 ||    52
       Confuse           |       |       |     2 |       ||     2
Invok: Bend Time         |       |       |     1 |       ||     1
 Abil: Spit Poison       |    18 |    18 |    29 |     5 ||    70
Evoke: Wand              |       |       |     6 |       ||     6
  Use: Scroll            |       |     4 |     4 |     1 ||     9
 Stab: Sleeping          |     6 |     6 |     7 |     1 ||    20
       Distracted        |     2 |       |       |       ||     2
  Eat: Chunk             |     3 |    11 |    13 |     2 ||    29
       Ration            |       |       |     3 |       ||     3
Armor: Robe              |    17 |    31 |       |       ||    48
       Leather armour    |       |     7 |   160 |    29 ||   196
Dodge: Dodged            |    31 |    94 |   191 |    47 ||   363
       Rpst.: Long sword |       |       |    19 |    14 ||    33

Table legend:
 A = Non-vault XP
 B = Vault XP
 C = Vault XP percentage of total XP
 D = Non-vault monster count
 E = Vault monster count
 F = Vault count percentage of total count
                 A         B        C        D         E       F
            +---------+---------+-------+---------+---------+-------
      Total |    5877 |     522 |   8.2 |     175 |      24 |  12.1
            +---------+---------+-------+---------+---------+-------
        D:1 |      45 |       7 |  13.5 |      24 |       4 |  14.3
        D:2 |      69 |       3 |   4.2 |      23 |       2 |   8.0
        D:3 |      80 |      74 |  48.1 |      24 |      13 |  35.1
        D:4 |     722 |       0 |   0.0 |      21 |       0 |   0.0
        D:5 |     302 |     438 |  59.2 |      18 |       5 |  21.7
        D:6 |     227 |       0 |   0.0 |       9 |       0 |   0.0
        D:7 |     322 |       0 |   0.0 |       6 |       0 |   0.0
        D:8 |    1210 |       0 |   0.0 |      23 |       0 |   0.0
        D:9 |    2900 |       0 |   0.0 |      27 |       0 |   0.0
            +---------+---------+-------+---------+---------+-------
